 Dungeon Crawl Stone Soup version 0.18-b1-22-ge198996 (webtiles) character file.

68 Zhenya25pyc the Ruffian (level 4, 0/29 HPs)
             Began as a Gargoyle Monk on May 3, 2016.
             Slain by a jackal (2 damage)
             ... on level 3 of the Dungeon.
             The game lasted 00:02:01 (1133 turns).

Zhenya25pyc the Ruffian (Gargoyle Monk)             Turns: 1133, Time: 00:02:02

Health: 0/29       AC:  6    Str: 15    XL:     4   Next: 19%
Magic:  4/4        EV: 13    Int: 11    God:
Gold:   170        SH:  0    Dex: 12    Spells: 0 memorised, 3 levels left

rFire  . . .     SeeInvis .       - Unarmed
rCold  . . .     Gourm    .     a - +0 robe
rNeg   + . .     Faith    .     (no shield)
rPois  ∞         Spirit   .     (no helmet)
rElec  +         Dismiss  .     c - +0 cloak
rCorr  .         Reflect  .     (no gloves)
SustAt .         Harm     .     (no boots)
MR     .....                    (no amulet)
Stlth  ++........               (no ring)
                                (no ring)

@: not resistant to hostile enchantments, unstealthy
A: negative energy resistance 1, electricity resistance, unbreathing,
petrification resistance, rot immunity, AC +3
a: no special abilities


You were on level 3 of the Dungeon.
You were not hungry.

You visited 1 branch of the dungeon, and saw 3 of its levels.

You collected 170 gold pieces.

Inventory:

Armour
 a - a +0 robe (worn)
 c - a +0 cloak (worn)
Jewellery
 t - an uncursed ring of stealth {unknown}
 v - an uncursed ring of positive energy {unknown}
Scrolls
 g - 3 scrolls of remove curse {unknown}
 h - a scroll of immolation {unknown}
 i - a scroll of fear {unknown}
 j - 2 scrolls of identify {unknown}
 l - 2 scrolls of noise {unknown}
 q - a scroll of teleportation {unknown}
 s - a scroll of blinking {unknown}
Potions
 e - a potion of curing {unknown}
 f - a potion of lignification {unknown}
 m - 4 potions of berserk rage {unknown}
 n - 3 potions of ambrosia {unknown}
 o - 2 potions of flight {unknown}
 r - a potion of degeneration {unknown}
 u - a potion of brilliance {unknown}
Comestibles
 b - 2 bread rations
 d - 2 fruits
 k - a beef jerky
 p - 2 meat rations
 w - a chunk of flesh


   Skills:
 + Level 4.0 Fighting
 + Level 2.8 Dodging
 + Level 2.8 Stealth
 + Level 4.5 Unarmed Combat


You had 3 spell levels left.
You didn't know any spells.

Dungeon Overview and Level Annotations

Branches:
Dungeon (3/15)

Altars:
Sif Muna
Trog
Xom


Innate Abilities, Weirdness & Mutations

You are resistant to torment.
Your stone body is resilient (AC +3).
You are immune to poison.
You resist negative energy.
You are resistant to electric shocks.
You can survive without breathing.
You are immune to petrification.
You are immune to rotting.


Message History

You punch the jackal!
You kill the jackal!
The jackal bites you but does no damage.
The jackal bites you but does no damage.
The jackal bites you but does no damage.
The jackal completely misses you.
You hit the jackal.
The jackal is lightly wounded.
The jackal bites you.
* * * LOW HITPOINT WARNING * * *
You hit the jackal.
The jackal is almost dead.
The jackal misses you.
You closely miss the jackal.
The jackal is almost dead.
The jackal misses you.
You hit the jackal but do no damage.
The jackal is almost dead.
The jackal bites you.
You die...

....#.# #######
....#.######.....#
....#............#
....###..........#
.............#####
.######......# #### .
.......(.....####...#...
........................
<..#......#...†h@.#.#..
.#.##...#.######### .#
######.# .#... ......
...... ######


You could see a jackal.

Vanquished Creatures
  3 adders
  2 worms (D:2)
  A dart slug (D:1)
  4 bats
  2 giant cockroaches
  4 goblins
  5 hobgoblins
  3 jackals (D:3)
  3 kobolds
  2 quokkas (D:2)
  A giant newt (D:1)
  2 rats (D:2)
32 creatures vanquished.

Notes
Turn   | Place    | Note
--------------------------------------------------------------
     0 | D:1      | Zhenya25pyc the Gargoyle Monk began the quest for the Orb.
     0 | D:1      | Reached XP level 1. HP: 14/14 MP: 1/1
   280 | D:1      | Reached XP level 2. HP: 15/19 MP: 2/2
   425 | D:2      | Reached XP level 3. HP: 24/24 MP: 3/3
   857 | D:2      | Found a bloodstained altar of Trog.
   866 | D:2      | Found a deep blue altar of Sif Muna.
   868 | D:2      | Found a shimmering altar of Xom.
  1122 | D:3      | Reached XP level 4. HP: 15/29 MP: 4/4
  1133 | D:3      | Slain by a jackal

Skill      XL: |  1  2  3 |
---------------+----------+-----
Fighting       | 4 |  4.0
Dodging        | |  2.8
Stealth        | |  2.8
Unarmed Combat | |  4.5

Action                   |  1- 3 |  4- 6 || total
-------------------------+-------+-------++-------
Melee: Unarmed           |   109 |     9 ||   118
       Punch             |     1 |       ||     1
 Stab: Sleeping          |     4 |       ||     4
  Eat: Chunk             |     1 |       ||     1
Armor: Robe              |    33 |     7 ||    40
Dodge: Dodged            |    81 |     9 ||    90
